cohdb
Replays
Latest Replays
All Replays
Popular Replays
Top Player Replays
Match Explorer
How It Works
Community
CoH3 Stats
Reddit
Sign in to upload your games and track your stats! →
Sign in with Steam
Match 46955185
Unlisted
Match 46955185
Overview
Messages
Build Orders
End
Construct Section Command Post
Royal Engineer Section
Vickers Machine Gun Team
Infantry Section
Selects Air and Sea Battlegroup
Selects Supply Surplus
ML 3-inch Mortar Team
ML 3-inch Mortar Team
Infantry Section
Grenade Package
Construct Platoon Command Post
6-pounder Anti-tank Gun Team
Selects Commando Section Paradrop
Construct Field Infirmary
Commando Section Paradrop
Construct Resource Cache
Construct Company Command Post
Crusader II Medium Tank
Selects UNKNOWN (223837)
Infantry Section
Unlock M3 Grant Medium Tanks
6-pounder Anti-tank Gun Team
Selects Naval Bombardment
Shingles
Gunshy
-PatH- Federik
WatchMy6Bro
0
0
Comments
sign in to comment!
No comments posted yet!